 Dungeon Crawl Stone Soup version 0.27-a0-489-g24c7b1a3ef (webtiles) character file.

Game seed: 10011922841958447237

19197 jgkjgkjgkj the Destroyer (level 12, 0/81 HPs)
             Began as a Demonspawn Conjurer on Mar 1, 2021.
             Was a High Priest of Sif Muna.
             Succumbed to a guardian serpent's bolt of poison
             ... on level 2 of the Abyss.
             The game lasted 01:15:17 (15541 turns).

jgkjgkjgkj the Destroyer (Demonspawn Conjurer)     Turns: 15541, Time: 01:15:17

Health: 0/81       AC:  8    Str:  8    XL:     12   Next: 34%
Magic:  19/30      EV: 10    Int: 30    God:    Sif Muna [*****.]
Gold:   716        SH:  9    Dex: 18    Spells: 8/26 levels left

rFire    + . .     SeeInvis .   g - +5 demon trident (venom)
rCold    + . .     Faith    .   Q - +0 kite shield {rC+ rF+}
rNeg     . . .     Spirit   +   b - +0 robe
rPois    .         Reflect  .   (helmet restricted)
rElec    .         Harm     .   I - +0 cloak
rCorr    .         Rampage  .   F - +2 pair of gloves
Will     .....                  w - +1 pair of boots
Stlth    ++++++....             G - amulet of magic regeneration
HPRegen  0.23/turn              q - ring of magical power
MPRegen  0.69/turn              S - +6 ring of intelligence

@: lethally poisoned (0 -> -7)
A: horns 1, thin skeletal structure 3, [blurry vision 2], low mp 1, powered by
pain 1, robust 1, magic shield, magic regeneration
a: Renounce Religion, Channel Magic, Forget Spell, Divine Exegesis


You were on level 2 of the Abyss.
You worshipped Sif Muna.
Sif Muna was extremely pleased with you.
You visited 2 branches of the dungeon, and saw 13 of its levels.
You visited the Abyss 1 time.

You collected 716 gold pieces.

Inventory:

Hand Weapons
 g - a +5 demon trident of venom (weapon)
 l - a +2 dagger of venom
Missiles
 a - 4 silver javelins
 c - 295 stones (quivered)
 e - 189 bolts
 h - 4 javelins
 k - 382 arrows
 y - 111 sling bullets
 z - 11 boomerangs
 J - 23 poisoned darts
 O - 5 throwing nets
Armour
 b - a +0 robe (worn)
 w - a +1 pair of boots (worn)
 F - a +2 pair of gloves (worn)
 I - a +0 cloak (worn)
 Q - a +0 kite shield of resistance (worn)
Magical Staves
 U - a staff of conjuration
Jewellery
 d - an amulet of reflection
 n - a ring of fire
 q - a ring of magical power (left hand)
 u - a ring of poison resistance
 C - a ring of flight
 D - a ring of see invisible
 G - an amulet of magic regeneration (around neck)
 L - a ring of magical power
 N - the amulet "Qilaruma" {Reflect +Inv rF+++ Int-3 SH+5 Stlth+}
   (You found it on level 5 of the Dungeon)

   [amulet of reflection]

   It shields you and reflects attacks.
   It affects your intelligence (-3).
   It renders you almost immune to fire.
   It lets you turn invisible.
   It affects your SH (+5).
   It makes you more stealthy.
 S - a +6 ring of intelligence (right hand)
Wands
 i - a wand of paralysis (21)
 p - a wand of iceblast (15)
 s - a wand of mindburst (2)
 B - a wand of polymorph (5)
 M - a wand of flame (18)
 P - a wand of acid (7)
Scrolls
 f - 3 scrolls of immolation {unknown}
 m - 3 scrolls of enchant weapon
 o - a scroll of silence {unknown}
 v - 3 scrolls of amnesia
 E - a scroll of magic mapping
 K - 5 scrolls of identify
Potions
 r - 4 potions of flight
 V - a potion of might
Miscellaneous
 x - a condenser vane


   Skills:
 + Level 5.0 Polearms
 - Level 2.0 Throwing
 - Level 1.7 Dodging
 + Level 5.0 Stealth
 + Level 3.9 Shields
 + Level 7.7 Spellcasting
 + Level 12.3 Conjurations
 - Level 7.1 Hexes
 * Level 2.7 Fire Magic
 - Level 10.0 Invocations
 - Level 4.0 Evocations


You had 8 spell levels left.
You knew the following spells:

 Your Spells              Type           Power        Failure   Level
a - Magic Dart            Conj           100%         1%          1
b - Searing Ray           Conj           100%         1%          2
c - Fulminant Prism       Conj/Hex       31%          3%          4
d - Cause Fear            Hex            26%          10%         4
e - Sticky Flame          Conj/Fire      54%          9%          4
f - Inner Flame           Hex/Fire       41%          7%          3

Your spell library contained the following spells:

 Spells                   Type           Power        Failure   Level
 Foxfire                  Conj/Fire      100%         1%          1
 Dazzling Flash           Conj/Hex       100%         1%          3
 Conjure Flame            Conj/Fire      54%          2%          3
 Iskenderun's Battlesphe  Conj           71%          3%          5
 Stone Arrow              Conj/Erth      96%          4%          3
 Iskenderun's Mystic Bla  Conj/Tloc      48%          14%         4
 Sandblast                Erth           22%          19%         1
 Sting                    Tmut/Pois      44%          19%         1
 Fireball                 Conj/Fire      27%          24%         5
 Passwall                 Tmut/Erth      9%           28%         2
 Starburst                Conj/Fire      27%          78%         6
 Petrify                  Tmut/Erth      11%          88%         4
 Lee's Rapid Deconstruct  Erth           5%           99%         5
 Dragon Form              Tmut           5%           100%        7
 Dragon's Call            Summ           5%           100%        9


Dungeon Overview and Level Annotations

Branches:
Dungeon (12/15)            Temple (1/1) D:5            Lair (0/6) D:9
    Orc (0/2) D:10

Altars:
Ashenzari
Cheibriados
Dithmenos
Elyvilon
Fedhas
Gozag
Hepliaklqana
Kikubaaqudgha
Makhleb
Nemelex Xobeh
Okawaru
Qazlal
Ru
Sif Muna
Trog
Uskayaw
Vehumet
Wu Jian
Xom
Yredelemnul
Zin
The Shining One

Shops:
D:7 [:(=:

Annotations:
D:12 Erolcha


Innate Abilities, Weirdness & Mutations

You have a pair of small horns on your head.
You have an unnaturally thin skeletal structure. (Dex +6, Stealth++)
You sometimes gain a little power by taking damage.
When hurt, damage is shared between your health and your magic reserves.
You regenerate magic rapidly.
Your magical capacity is low. (-10% MP)
You are robust. (+10% HP)
[Scrolls take you longer to read.]


Message History

Your fulminant prism crackles loudly.
You puncture the thrashing horror!
The thrashing horror is almost destroyed.
The thrashing horror tramples you!
* * * LOW HITPOINT WARNING * * *
You hold your ground!
The thrashing horror tramples you but does no damage.
The thrashing horror tramples you!
* * * LOW HITPOINT WARNING * * *
You hold your ground!
The thrashing horror tramples you.
* * * LOW HITPOINT WARNING * * *
You hold your ground!
Your fulminant prism explodes!
A guardian serpent comes into view.
Casting: Fulminant Prism (dangerous; 3% risk of failure)
Confirm with . or Enter, or press ? or * to list all spells.
Okay, then.
Unknown command.
Press: ? - help, v - describe, . - travel
Here: a thrashing horror (almost destroyed, strong)
The floor.
Casting: Fulminant Prism (dangerous; 3% risk of failure)
Confirm with . or Enter, or press ? or * to list all spells.
Okay, then.
Casting: Fulminant Prism (dangerous; 3% risk of failure)
Confirm with . or Enter, or press ? or * to list all spells.
You don't have enough magic to cast this spell.
Unknown command.
Unknown command.
Magic courses through your body. The thrashing horror barely misses you.
You block the thrashing horror's attack.
The guardian serpent coils itself and waves its upper body at you.
The bolt of poison hits you!
You are lethally poisoned!
Okay, then.
* * * LOW HITPOINT WARNING * * *
You feel sick.
Okay, then.
Really read with blurry vision while enemies are nearby?
You die...

# .### #.. # ##
..#
##..#.###X###
#......#...S###
#@#.#...#
.#.#..##.#
#..##.# #
....!#.#
.....##. .#
###### #.#. ##
# #.#. . ....
..


You could see a thrashing horror (strong) and a guardian serpent.

Vanquished Creatures
  A tentacled starspawn (Abyss:2)
  Harold (D:9)
  3 two-headed ogres (D:11)
  A hell hog (Abyss:2)
  A tengu warrior (D:9)
  Urug (D:10)
  A glowing orange brain (Abyss:2)
  3 ugly things (D:9)
  A manticore (D:8)
  A kobold demonologist (D:11)
  2 ancient zymes (Abyss:2)
  Prince Ribbit (D:7)
  Sigmund (D:5)
  A shadow (D:10)
  3 fire bats (Abyss:2)
  10 yaks (D:9)
  A vampire (D:9)
  3 wyverns
  A basilisk (D:9)
  2 large abominations (Abyss:2)
  A chaos spawn (Abyss:2)
  Edmund (D:5)
  A soldier ant (D:11)
  3 water moccasins (D:9)
  2 orc warriors
  2 black bears
  A necrophage (D:11)
  3 ice beasts
  4 sky beasts
  An eye of draining (D:9)
  5 ogres
  A small abomination (Abyss:2)
  7 centaurs
  5 phantoms
  A kobold brigand (D:9)
  11 bullfrogs
  A gnoll sergeant (D:10)
  A water moccasin zombie (D:10)
  6 scorpions
  A water moccasin skeleton (D:8)
  A troll zombie (D:10)
  4 killer bees (D:11)
  9 wights
  8 howler monkeys
  A bullfrog zombie (D:11)
  A centaur zombie (D:11)
  3 quasits
  4 hounds
  2 bullfrog skeletons (D:6)
  2 gnoll shamans
  3 orc priests
  2 jellies
  2 centaur skeletons
  6 iguanas
  5 orc wizards
  6 worker ants
  7 ogre zombies (D:10)
  A hound zombie (D:10)
  4 hound skeletons
  3 worker ant zombies
  19 gnolls
  14 adders
  4 shadow imps
  3 white imps
  6 ufetubi
  An ooze (D:5)
  An adder zombie (D:9)
  7 worms
  2 dart slugs (D:1)
  7 leopard geckos
  25 orcs
  8 bats
  10 giant cockroaches
  6 goblins
  3 hobgoblins
  2 jackals (D:2)
  5 quokkas
  2 ball pythons
  A frilled lizard (D:3)
  3 goblin zombies (D:10)
  A hobgoblin skeleton (D:10)
  A hobgoblin zombie (D:10)
  3 jackal skeletons (D:4)
  15 kobolds
  2 leopard gecko skeletons (D:6)
  3 orc skeletons (D:10)
  17 orc zombies (D:10)
  A quokka zombie (D:8)
  5 rats
  2 fulminant prisms
350 creatures vanquished.

Vanquished Creatures (others)
  2 bushes (D:9)
  33 fulminant prisms
  5 fungi (D:9)
  A lurking horror (Abyss:2)
  22 plants (D:9)
  4 starspawn tentacles (Abyss:2)
67 creatures vanquished.

Grand Total: 417 creatures vanquished

Notes
Turn   | Place    | Note
-------+----------+-------------------------------------------
     0 | D:1      | jgkjgkjgkj the Demonspawn Conjurer began the quest for the
                  | Orb.
     0 | D:1      | Reached XP level 1. HP: 13/13 MP: 3/3
   246 | D:1      | Gained mutation: You sometimes gain a little power by
                  | taking damage. [demonic ancestry]
   246 | D:1      | Reached XP level 2. HP: 15/19 MP: 1/5
   259 | D:1      | Learned a level 2 spell: Searing Ray
  1351 | D:2      | Reached XP level 3. HP: 20/24 MP: 1/6
  1471 | D:2      | Reached skill level 5 in Conjurations
  1599 | D:2      | Reached XP level 4. HP: 30/30 MP: 1/7
  3182 | D:3      | Gained mutation: You have a somewhat thin skeletal
                  | structure. (Dex +2, Stealth) [demonic ancestry]
  3182 | D:3      | Reached XP level 5. HP: 35/35 MP: 8/8
  3720 | D:4      | Found a sparkling altar of Nemelex Xobeh.
  3748 | D:4      | Reached skill level 6 in Conjurations
  3935 | D:4      | Learned a level 4 spell: Fulminant Prism
  4250 | D:4      | Noticed an ogre
  4257 | D:4      | Killed an ogre
  4258 | D:4      | Gained mutation: You regenerate magic rapidly. [demonic
                  | ancestry]
  4258 | D:4      | Reached XP level 6. HP: 41/41 MP: 9/9
  4420 | D:5      | Entered Level 5 of the Dungeon
  4465 | D:5      | Noticed a sky beast
  4473 | D:5      | Killed a sky beast
  4474 | D:5      | Reached skill level 7 in Conjurations
  4616 | D:5      | Reached skill level 1 in Evocations
  4616 | D:5      | Gained mutation: When hurt, damage is shared between your
                  | health and your magic reserves. [demonic ancestry]
  4616 | D:5      | Reached XP level 7. HP: 46/46 MP: 10/10
  4723 | D:5      | Found a staircase to the Ecumenical Temple.
  4730 | Temple   | Entered the Ecumenical Temple
  4787 | Temple   | Became a worshipper of Sif Muna the Loreminder
  4848 | D:5      | Noticed Edmund
  4850 | D:5      | Reached skill level 8 in Conjurations
  4860 | D:5      | Killed Edmund
  5362 | D:5      | Noticed Sigmund
  5383 | D:5      | Killed Sigmund
  5384 | D:5      | Reached XP level 8. HP: 29/52 MP: 6/11
  5614 | D:5      | Identified the amulet "Qilaruma" {Reflect +Inv rF+++ Int-3
                  | SH+5 Stlth+}
  5796 | D:7      | Found Toschika's Book Emporium.
  5801 | D:7      | Reached skill level 9 in Conjurations
  5816 | D:7      | Noticed Prince Ribbit
  6397 | D:8      | Reached skill level 1 in Invocations
  6399 | D:8      | Reached * piety under Sif Muna
  6400 | D:8      | Reached skill level 1 in Hexes
  6664 | D:7      | Found Seddierch's Antique Weapon Boutique.
  6754 | D:6      | Gained mutation: You have a moderately thin skeletal
                  | structure. (Dex +4, Stealth+) [demonic ancestry]
  6754 | D:6      | Reached XP level 9. HP: 12/57 MP: 10/13
  7177 | D:6      | Reached ** piety under Sif Muna
  7471 | D:6      | Reached skill level 10 in Conjurations
  8055 | D:7      | Found Qiawn's Jewellery Boutique.
  8073 | D:7      | You fall into a shaft and drop 3 floors!
  8073 | D:10     | Entered Level 10 of the Dungeon
  8085 | D:10     | Found a white marble altar of Elyvilon.
  8090 | D:10     | Reached skill level 5 in Invocations
  8525 | D:9      | Reached skill level 5 in Spellcasting
  8589 | D:9      | Found a staircase to the Lair.
  8609 | D:9      | Reached skill level 5 in Hexes
  8609 | D:9      | Gained mutation: You have a pair of small horns on your
                  | head. [demonic ancestry]
  8609 | D:9      | Reached XP level 10. HP: 53/63 MP: 17/17
  8618 | D:9      | Reached *** piety under Sif Muna
  8770 | D:9      | Noticed Harold
  8784 | D:9      | Killed Harold
  8785 | D:9      | Reached skill level 11 in Conjurations
  8805 | D:9      | Noticed a green ugly thing
  8822 | D:9      | Killed a green ugly thing
  9255 | D:9      | Noticed a tengu warrior
  9267 | D:9      | Killed a tengu warrior
  9643 | D:9      | Learned a level 4 spell: Cause Fear
  9738 | D:9      | Noticed a brown ugly thing
  9739 | D:9      | Noticed a cyan ugly thing
  9755 | D:9      | Killed a brown ugly thing
  9756 | D:9      | Killed a brown ugly thing
  9757 | D:9      | Gained mutation: You have an unnaturally thin skeletal
                  | structure. (Dex +6, Stealth++) [demonic ancestry]
  9757 | D:9      | Reached XP level 11. HP: 49/68 MP: 11/20
 10376 | D:10     | Noticed Urug
 10397 | D:10     | Gained mutation: Your magical capacity is low. (-10% MP)
                  | [potion of mutation]
 10397 | D:10     | Gained mutation: You are robust. (+10% HP) [potion of
                  | mutation]
 10411 | D:10     | Killed Urug
 10902 | D:8      | Reached skill level 1 in Polearms
 12005 | D:7      | Reached skill level 1 in Shields
 12169 | D:7      | Found Qoceqeon's Book Shop.
 12222 | D:7      | Reached **** piety under Sif Muna
 12329 | D:7      | Killed Prince Ribbit
 12477 | D:7      | Found Rung's Armour Shop.
 12812 | D:10     | Found a staircase to the Orcish Mines.
 12865 | D:10     | Reached ***** piety under Sif Muna
 12874 | D:10     | Identified Guas's Catalogue of Conjuration and Intoxication
                  | (Sif Muna gifted it to you on level 10 of the Dungeon)
 12874 | D:10     | Received a gift from Sif Muna
 12892 | D:10     | Learned a level 4 spell: Sticky Flame
 13151 | D:11     | Noticed a two-headed ogre
 13159 | D:11     | Killed a two-headed ogre
 13160 | D:11     | Reached skill level 10 in Invocations
 13197 | D:11     | Reached skill level 12 in Conjurations
 13198 | D:11     | Noticed a two-headed ogre
 13210 | D:11     | Killed a two-headed ogre
 13211 | D:11     | Reached skill level 1 in Fire Magic
 13542 | D:11     | Found a gate leading to a gauntlet.
 14384 | D:11     | Noticed a two-headed ogre
 14392 | D:11     | Killed a two-headed ogre
 14500 | D:11     | Noticed a green ugly thing
 14566 | D:12     | Noticed Erolcha
 14571 | D:12     | Cast into level 2 of the Abyss (Erolcha)
 14628 | Abyss:2  | Noticed a wretched star
 14651 | Abyss:2  | Reached XP level 12. HP: 51/81 MP: 20/20
 14668 | Abyss:2  | Noticed a tentacled starspawn
 14738 | Abyss:2  | Noticed a starcursed mass
 14760 | Abyss:2  | Killed a tentacled starspawn
 14761 | Abyss:2  | Reached skill level 1 in Throwing
 14963 | Abyss:2  | Learned a level 3 spell: Inner Flame
 15013 | Abyss:2  | Noticed a starcursed mass
 15094 | Abyss:2  | Noticed a deep elf sorcerer
 15144 | Abyss:2  | Noticed a lich
 15145 | Abyss:2  | Noticed a balrug
 15155 | Abyss:2  | Noticed a tentacled starspawn
 15399 | Abyss:2  | Noticed a hell hog
 15409 | Abyss:2  | Found a viscous altar of Jiyva.
 15413 | Abyss:2  | Killed a hell hog
 15415 | Abyss:2  | HP: 4/81 [sixfirhy (6)]
 15454 | Abyss:2  | Reached skill level 5 in Polearms
 15454 | Abyss:2  | Reached skill level 5 in Stealth
 15538 | Abyss:2  | HP: 3/81 [thrashing horror (9)]
 15538 | Abyss:2  | HP: 1/81 [thrashing horror (2)]
 15541 | Abyss:2  | Succumbed to a guardian serpent's bolt of poison

Illustrated notes

Levels and vault maps discovered:
D:1:      dpeg_arrival_morbid_curiosity, layout_rooms, serial_co_window_serial,
          co_window_paths_a, co_window_paths_a, co_window_paths_b,
          co_window_corner_a, co_window_paths_b, co_window_of_opportunity_a,
          co_window_of_opportunity_a, co_window_of_opportunity_b,
          co_window_2corner, co_window_corner_b, co_window_of_opportunity_b,
          co_window_corner_b, glass_columns_b, glass_columns_c, glass_columns_b
D:2:      layout_basic, minivault_5
D:3:      layout_loops_corners
D:4:      layout_cave_pools, overflow_temple_1_default
D:5:      layout_loops_cross, minmay_temple_entry_tees, minmay_crossroads,
          uniq_edmund, uniq_sigmund
D:6:      layout_cave_pods
D:7:      layout_rooms, serial_shops, shop, kennysheep_little_box, shop, shop,
          shop, minmay_between, uniq_prince_ribbit1
D:8:      layout_basic
D:9:      layout_loops_ring, minmay_lair_entry_grove, minmay_diamond_spiral,
          uniq_harold
D:10:     layout_loops_cross, zombieorc2_lemuel, basic_altar,
          minmay_variable_closet, uniq_urug
D:11:     layout_basic, gauntlet_entry_generic
D:12:     layout_loops_cross, chequers_jeans, uniq_erolcha, uniq_nergalle,
          uniq_kirke
Temple:   nicolae_temple_the_god_donut
Abyss:2:  base: D:5, evilmike_abyss_exit_chaos, serial_sigils_hangedman_shear,
          minivault_25, evilmike_abyss_exit_14

Skill      XL: |  1  2  3  4  5  6  7  8  9 10 11 12 |
---------------+-------------------------------------+-----
Stealth        | 2 3 4 5 |  5.0
Conjurations   | 5 6 7 8 9 10 11 12 | 12.3
Evocations     | 1 3 4 |  4.0
Invocations    | 3 6 9 10 | 10.0
Hexes          | 2 5 6 7 |  7.1
Spellcasting   | 3 5 6 7 |  7.7
Polearms       | 4 5 |  5.0
Shields        | 3 |  3.9
Fire Magic     | 1 2 |  2.7
Throwing       | 2 |  2.0
Dodging        | |  1.7

Action                   |  1- 3 |  4- 6 |  7- 9 | 10-12 || total
-------------------------+-------+-------+-------+-------++-------
Melee: Unarmed           |     9 |       |       |       ||     9
       Dagger            |    10 |    80 |   171 |    62 ||   323
       Headbutt          |       |       |       |    34 ||    34
       Demon trident     |       |       |       |   133 ||   133
       Staff             |       |       |       |     2 ||     2
Throw: Stone             |    17 |     5 |     1 |     5 ||    28
 Cast: Magic Dart        |    33 |    18 |    22 |    33 ||   106
       Searing Ray       |     7 |    19 |    65 |    58 ||   149
       Fulminant Prism   |       |       |       |    35 ||    35
       Sticky Flame      |       |       |       |    12 ||    12
Evoke: Wand              |       |       |       |     2 ||     2
  Use: Scroll            |       |       |    16 |     4 ||    20
       Potion            |       |       |     1 |    14 ||    15
 Stab: Sleeping          |       |    10 |     7 |     4 ||    21
       Distracted        |       |       |     2 |       ||     2
Armor: Robe              |     7 |    15 |    57 |    93 ||   172
       Leather armour    |       |     3 |    39 |       ||    42
Dodge: Dodged            |    32 |    51 |   145 |   153 ||   381
Block: Other             |     1 |    16 |       |       ||    17
       Kite shield       |       |       |       |    31 ||    31

Table legend: (Time is in decaauts)
 A = Elapsed time spent in this place.
 B = Non-inter-level travel time spent in this place.
 C = Inter-level travel time spent in this place.
 D = Time resting spent in this place.
 E = Time spent auto-exploring this place.
 F = Levels seen in this place.
 G = Mean time per level.
                   A        B        C        D        E       F      G
               +--------+--------+--------+--------+--------+-----+--------+
         Total |  15557 |  15038 |    519 |   1649 |  10180 |  14 | 1111.2 |
       Dungeon |  14498 |  13994 |    504 |   1207 |  10171 |  12 | 1208.2 |
        Temple |     81 |     66 |     15 |      0 |      0 |   1 |   81.0 |
         Abyss |    976 |    976 |      0 |    442 |      9 |   1 |  976.0 |
               +--------+--------+--------+--------+--------+-----+--------+

Top non-repeatable levels by time:
     D:9: 2413 daAuts
     D:8: 1699 daAuts
     D:5: 1501 daAuts
    D:11: 1417 daAuts
     D:6: 1333 daAuts
     D:2: 1333 daAuts
     D:1: 1293 daAuts
     D:3: 1055 daAuts
 Abyss:2: 976 daAuts
    D:10: 854 daAuts
     D:7: 852 daAuts
     D:4: 740 daAuts
  Temple: 81 daAuts
    D:12: 4 daAuts
